 Dungeon Sprint DCSS version 0.31.0-9-g3a7656b989 (webtiles) character file.

Game seed: 6611260109972485978

13735 Heoruswealwe the Phalangite (level 11, -3/119 HPs)
             Began as a Minotaur Fighter on Feb 2, 2024.
             Was an Initiate of Gozag.
             Slain by an orc warrior
             ... wielding a +0 scimitar
              (20 damage)
             ... in the Dungeon (Sprint IX: "|||||||||||||||||||||||||||||").
             The game lasted 00:09:11 (1860 turns).

Heoruswealwe the Phalangite (Minotaur Fighter)      Turns: 1860, Time: 00:09:11

Health: -3/119     AC: 23    Str: 25    XL:     11   Next: 79%
Magic:  10/10      EV: 12    Int:  5    God:    Gozag
Gold:   6966       SH:  0    Dex: 10    Spells: 10/10 levels left

rFire   . . .        b - +2 halberd (venom)
rCold   . . .        (shield currently unavailable)
rNeg    . . .        c - +2 plate armour {rPois}
rPois   +            (helmet restricted)
rElec   .            (no cloak)
rCorr   .            f - +0 pair of gloves
SInv    .            e - +0 pair of boots
Will    .....        (no amulet) Stlth
                     k - +2 ring of evasion
HPRegen 0.39/turn    j - +2 ring of evasion
MPRegen 0.12/turn

%: no teleportation
@: gold aura
A: horns 2, retaliatory headbutt
a: Renounce Religion, Potion Petition, Call Merchant, Bribe Branch


You were in the Dungeon.
You worshipped Gozag.
Gozag was greatly pleased with you.
You visited 1 branch You collected 6966 gold pieces.

Inventory:

Hand Weapons
 a - a +0 trident
 b - a +2 halberd of venom (weapon)
Armour
 c - a +2 plate armour of poison resistance (worn)
 d - a +0 buckler
 e - a +0 pair of boots (worn)
 f - a +0 pair of gloves (worn)
Jewellery
 j - a +2 ring of evasion (right hand)
 k - a +2 ring of evasion (left hand)
Wands
 h - a wand of acid (10)
Scrolls
 o - 2 scrolls of blinking
 s - 4 scrolls of enchant armour
 t - a scroll of identify
Potions
 g - 3 potions of haste
 i - a potion of berserk rage
 m - a potion of curing
 n - 3 potions of might
 p - a potion of resistance
 q - a potion of mutation
Miscellaneous
 r - a phial of floods


   Skills:
 + Level 18.1 Fighting
 * Level 24.3 Polearms
 + Level 18.1 Armour
 - Level 3.6 Shields


You had 10 spell levels left.
You didn't know any spells.
Your spell library was empty.

Dungeon Overview and Level Annotations

Branches:
Dungeon (1/1)

Altars:
Cheibriados
Dithmenos
Elyvilon
Fedhas
Gozag
Hepliaklqana
Kikubaaqudgha
Makhleb
Nemelex Xobeh
Okawaru
Qazlal
Ru
Sif Muna
Trog
Uskayaw
Vehumet
Wu Jian
Xom
Yredelemnul
Zin
The Shining One
Jiyva
Lugonu

Shops:
D =


Innate Abilities, Weirdness & Mutations

You have a pair of horns on your head.
You reflexively headbutt those who attack you in melee.


Message History

The orc knight is almost dead.
You impale the orc knight!!
You kill the orc knight!
The orc warrior hits you but does no damage.
The orc warrior attacks as it pursues you!
The orc warrior closely misses you.
The orc warrior is distracted by your dazzling golden aura.
The orc warrior hits you but does no damage.
The orc warrior shouts!
You puncture the orc warrior!
The orc warrior is poisoned.
The orc warrior is heavily wounded.
The orc warrior hits you but does no damage.
You slash the orc warrior!
The orc warrior looks as sick as possible!
You headbutt the orc warrior.
You kill the orc warrior!
The orc warrior is no longer distracted by gold.
You hit the orc warrior.
The orc warrior is poisoned.
Your headbutt misses the orc warrior.
The orc warrior is lightly wounded.
You completely miss the orc warrior. Your headbutt misses the orc warrior.
The orc warrior is lightly wounded.
The orc warrior hits you but does no damage.
You slash the orc warrior!
The orc warrior looks as sick as possible!
You headbutt the orc warrior.
The orc warrior is heavily wounded.
The orc warrior closely misses you.
You barely miss the orc warrior. Your headbutt misses the orc warrior.
The orc warrior is severely wounded.
You barely miss the orc warrior. You headbutt the orc warrior.
The orc warrior is almost dead.
You kill the orc warrior!
You barely miss the orc warrior.
The orc warrior hits you with a +0 scimitar!!
* * * LOW HITPOINT WARNING * * *
You feel better.
The orc warrior hits you with a +0 scimitar!!
You die...
Your body crumbles into a pile of gold.

▓.▓)▓'▓.▓_▓
▓.▓.▓.▓.▓_▓
▓.▓.▓.▓.▓_▓
▓.▓.▓.▓.▓_▓
▓.▓.▓.▓.▓_▓
▓.▓.▓.▓.▓_▓
▓.▓.▓.▓.▓_▓
▓.▓.▓.▓.▓_▓
▓@▓.▓.▓.▓_▓
▓o▓.▓.▓.▓_▓
▓$▓.▓'▓.▓'▓
▓$▓.▓.▓.▓!▓
▓$▓.▓.▓.▓?▓
▓$▓.▓.▓.▓)▓
▓$▓.▓.▓.▓[▓
▓∩▓.▓.▓.▓.▓
▓.▓.▓.▓.▓


You could see an orc warrior (strong).

Vanquished Creatures
  Harold (D)
  A centaur warrior (D)
  5 orc knights (D)
  A deep elf pyromancer (D)
  A cyclops (D)
  A black mamba (D)
  Joseph (D)
  10 elephants (D)
  3 cane toads (D)
  A gargoyle (D)
  A komodo dragon (D)
  4 trolls (D)
  A dream sheep (D)
  A blink frog (D)
  2 wraiths (D)
  2 basilisks (D)
  4 yaks (D)
  2 water moccasins (D)
  13 orc warriors (D)
  A black bear (D)
  2 bullfrogs (D)
  A kobold brigand (D)
  A howler monkey (D)
  3 orc priests (D)
  A gnoll bouda (D)
  3 orc wizards (D)
  A ribbon worm (D)
  9 orcs (D)
  A ball python (D)
  A hobgoblin (D)
  A jackal (D)
  A goblin (D)
  A rat (D)
82 creatures vanquished.

Notes
Turn   | Place    | Note
-------+----------+-------------------------------------------
     0 | D        | Heoruswealwe the Minotaur Fighter began the quest for the
                  | Orb.
     0 | D        | Reached XP level 1. HP: 19/19 MP: 0/0
    11 | D        | Reached skill level 3 in Polearms
    50 | D        | Noticed a howler monkey
    50 | D        | Noticed a gnoll bouda
    50 | D        | Noticed a black bear
    55 | D        | Killed a howler monkey
    56 | D        | Reached skill level 5 in Fighting
    56 | D        | Reached skill level 6 in Polearms
    56 | D        | Reached skill level 5 in Armour
    56 | D        | Reached XP level 2. HP: 29/29 MP: 1/1
    56 | D        | Reached XP level 3. HP: 36/36 MP: 2/2
    63 | D        | Reached skill level 7 in Polearms
    63 | D        | Reached XP level 4. HP: 26/44 MP: 3/3
    72 | D        | Killed a black bear
    73 | D        | Reached skill level 9 in Polearms
    73 | D        | Reached XP level 5. HP: 28/52 MP: 4/4
    85 | D        | Found a snail-covered altar of Cheibriados.
    85 | D        | Found a shadowy altar of Dithmenos.
    85 | D        | Found a white marble altar of Elyvilon.
    85 | D        | Found a blossoming altar of Fedhas.
    85 | D        | Found an opulent altar of Gozag.
    86 | D        | Found a hazy altar of Hepliaklqana.
    87 | D        | Found a viscous altar of Jiyva.
    88 | D        | Found an ancient bone altar of Kikubaaqudgha.
    89 | D        | Found a corrupted altar of Lugonu.
    90 | D        | Found a burning altar of Makhleb.
    91 | D        | Found a sparkling altar of Nemelex Xobeh.
    92 | D        | Found an iron altar of Okawaru.
    93 | D        | Became a worshipper of Gozag Ym Sagoz the Greedy
    94 | D        | Found a stormy altar of Qazlal.
    95 | D        | Found a sacrificial altar of Ru.
    96 | D        | Found a shimmering blue altar of Sif Muna.
    97 | D        | Found a bloodstained altar of Trog.
    98 | D        | Found a hide-covered altar of Uskayaw.
    99 | D        | Found a radiant altar of Vehumet.
   100 | D        | Found an ornate altar of the Wu Jian Council.
   101 | D        | Found a shimmering altar of Xom.
   102 | D        | Found a basalt altar of Yredelemnul.
   103 | D        | Found a glowing silver altar of Zin.
   104 | D        | Found a glowing golden altar of the Shining One.
   161 | D        | Noticed a yak
   161 | D        | Noticed a wraith
   161 | D        | Noticed a troll
   161 | D        | Noticed a troll
   161 | D        | Noticed a wraith
   164 | D        | Killed a yak
   165 | D        | Reached skill level 11 in Polearms
   165 | D        | Reached XP level 6. HP: 58/62 MP: 5/5
   168 | D        | Killed a wraith
   169 | D        | Reached skill level 12 in Polearms
   173 | D        | Killed a troll
   174 | D        | Reached skill level 10 in Fighting
   174 | D        | Reached skill level 13 in Polearms
   174 | D        | Reached skill level 10 in Armour
   174 | D        | Reached XP level 7. HP: 69/72 MP: 6/6
   177 | D        | Killed a troll
   178 | D        | Reached skill level 14 in Polearms
   184 | D        | Killed a wraith
   185 | D        | Reached XP level 8. HP: 59/82 MP: 7/7
   254 | D        | Noticed a deep elf pyromancer
   254 | D        | Noticed a troll
   254 | D        | Noticed a cyclops
   254 | D        | Noticed a troll
   254 | D        | Noticed a gargoyle
   254 | D        | Noticed a centaur warrior
   259 | D        | Killed a deep elf pyromancer
   260 | D        | Reached skill level 15 in Polearms
   271 | D        | Killed a troll
   272 | D        | Reached skill level 16 in Polearms
   274 | D        | Killed a cyclops
   275 | D        | Reached skill level 17 in Polearms
   275 | D        | Reached XP level 9. HP: 46/92 MP: 8/8
   279 | D        | Killed a troll
   283 | D        | Killed a centaur warrior
   284 | D        | Reached skill level 18 in Polearms
   288 | D        | Killed a gargoyle
   618 | D        | Noticed a cane toad
   621 | D        | Noticed a black mamba
   622 | D        | Noticed a komodo dragon
   627 | D        | Noticed a cane toad
   629 | D        | Reached skill level 19 in Polearms
   633 | D        | Killed a cane toad
   634 | D        | Reached XP level 10. HP: 70/104 MP: 9/9
   640 | D        | Killed a black mamba
   649 | D        | Killed a cane toad
   650 | D        | Reached skill level 15 in Fighting
   650 | D        | Reached skill level 20 in Polearms
   650 | D        | Reached skill level 15 in Armour
   892 | D        | Noticed an elephant
   892 | D        | Noticed an elephant
   897 | D        | Killed an elephant
   899 | D        | Noticed a cane toad
   903 | D        | Killed an elephant
   915 | D        | Killed a cane toad
   916 | D        | Reached skill level 21 in Polearms
   946 | D        | Noticed an elephant
   946 | D        | Noticed an elephant
   946 | D        | Noticed an elephant
   946 | D        | Noticed an elephant
   946 | D        | Noticed an elephant
   946 | D        | Noticed an elephant
   951 | D        | Killed an elephant
   953 | D        | Killed an elephant
   954 | D        | Noticed an elephant
   960 | D        | Killed an elephant
   961 | D        | Reached XP level 11. HP: 85/114 MP: 10/10
   967 | D        | Reached skill level 22 in Polearms
  1110 | D        | Noticed Joseph
  1120 | D        | Killed Joseph
  1130 | D        | Noticed Harold
  1140 | D        | Killed Harold
  1141 | D        | Reached skill level 23 in Polearms
  1275 | D        | Noticed an orc knight
  1287 | D        | Killed an orc knight
  1411 | D        | Noticed an orc knight
  1426 | D        | Killed an orc knight
  1804 | D        | Found Zaqary's Jewellery Emporium.
  1804 | D        | Noticed an orc knight
  1805 | D        | Noticed an orc knight
  1828 | D        | Noticed an orc knight
  1830 | D        | Killed an orc knight
  1840 | D        | Killed an orc knight
  1841 | D        | Reached skill level 24 in Polearms
  1847 | D        | Killed an orc knight
  1860 | D        | Slain by an orc warrior

Illustrated notes

Levels and vault maps discovered:
D:        linesprint [early_d, line_temple, items_1, d_10, items_2, lair_1,
          lair_end, items_3, orc_1, orc_end, items_4, d_15, swamp_1, shoals_1,
          snake_1, spider_1, d_20, vaults_1, items_5, swamp_end, shoals_end,
          snake_end, spider_end, vaults_end, d_27, items_6, zot_1, zot_end,
          crypt_end, forest_end, elf_end, slime_end, tomb_end, abyss_end,
          pan_hell_end]

Skill      XL: |  1  2  3  4  5  6  7  8  9 10 11 |
---------------+----------------------------------+-----
Polearms       | 6 7 9 11 13 14 17 19 21 24 | 24.3
Fighting       | 5 6 7 8 10 11 12 14 16 18 | 18.1
Armour         | 5 7 8 10 11 12 14 16 18 | 18.1
Shields        | |  3.6

Action                     |  1- 3 |  4- 6 |  7- 9 | 10-12 || total
---------------------------+-------+-------+-------+-------++-------
  Melee: Trident           |    25 |    13 |       |       ||    38
         Headbutt          |     2 |     8 |     9 |    48 ||    67
         Halberd           |       |    12 |    56 |   190 ||   258
    Use: Potion            |       |     1 |     1 |     5 ||     7
   Stab: Distracted        |       |       |       |     3 ||     3
 Armour: Scale mail        |    15 |    15 |       |       ||    30
         Chain mail        |       |     6 |    40 |    76 ||   122
         Plate armour      |       |       |       |    24 ||    24
  Dodge: Dodged            |     6 |    16 |    20 |    60 ||   102
  Block: Buckler           |     1 |     6 |       |       ||     7
